 Dungeon Crawl Stone Soup version 0.31.0-1-g2c135a0 (webtiles) character file.

Game seed: 12949884311751294950

161 edsrzf the Magician (level 5, -4/38 HPs)
             Began as a Ghoul Fire Elementalist on Jan 29, 2024.
             Killed from afar by an orc wizard (6 damage)
             ... with a magic dart
             ... on level 4 of the Dungeon.
             The game lasted 00:08:17 (3456 turns).

edsrzf the Magician (Ghoul Fire Elementalist)       Turns: 3456, Time: 00:08:17

Health: -4/38      AC:  5    Str: 14    XL:     5   Next: 42%
Magic:  0/9        EV: 12    Int: 14    God:
Gold:   100        SH:  0    Dex:  9    Spells: 6/10 levels left

rFire   . .          .
                       - Unarmed
rCold   + . .        (no shield)
rNeg    + + +        a - +0 robe
rPois   ∞            r - +0 helmet
rElec   .            (no cloak)
rCorr   .            q - +1 pair of gloves
SInv    .            (no boots)
Will    +....        j - amulet of guardian spirit
Stlth   +            c - ring of wizardry
HPRegen 0.00/turn    (no ring)
MPRegen 0.11/turn

%: guardian spirit, wizardry (x1)
@: confused, mighty, enlightened, flying, inhibited regen
A: claws 1, cold resistance 1, negative energy resistance 3, inhibited
regeneration, torment resistance 2, devour on kill
a: no special abilities


You were on level 4 of the Dungeon.
You visited 1 branch of the dungeon, and saw 4 of its levels.

You collected 140 gold pieces.
You spent 40 gold pieces at shops.

Inventory:

Missiles
 l - 4 poisoned darts
Armour
 a - a +0 robe (worn)
 q - a +1 pair of gloves (worn)
 r - a +0 helmet (worn)
Jewellery
 c - a ring of wizardry (left hand)
 j - an amulet of guardian spirit (around neck)
Wands
 t - a wand of flame (17)
Scrolls
 d - a scroll of silence {unknown}
 e - a scroll of fear {unknown}
 f - a scroll of fog {unknown}
 g - 5 scrolls of identify {@r1}
 h - a scroll of blinking
 o - a scroll of revelation {unknown}
 p - a scroll of teleportation {unknown}
Potions
 b - a potion of magic
 k - 3 potions of resistance
 m - 2 potions of attraction
 s - a potion of might


   Skills:
 - Level 1.7 Dodging
 - Level 2.1 Stealth
 + Level 3.0 Unarmed Combat
 - Level 3.0 Spellcasting
 - Level 2.0 Conjurations
 - Level 2.4 Fire Magic
 + Level 1.2 Alchemy


You had 6 spell levels left.
You knew the following spells:

 Your Spells              Type           Power      Damage    Failure   Level
a - Foxfire               Conj/Fire      32%        2x1d5     3%          1
b - Scorch                Fire           16%        2d5       4%          2
c - Sting                 Conj/Alch      24%        1d4       4%          1

Your spell library contained the following spells:

 Spells                   Type           Power      Damage    Failure   Level
 Momentum Strike          Conj/Tloc      8%         3d8       9%          2
 Mercury Vapours          Alch/Air       6%         N/A       11%         2
 Blink                    Tloc           4%         N/A       13%         2
 Lesser Beckoning         Tloc           4%         N/A       13%         2
 Inner Flame              Hex/Fire       5%         N/A       16%         3
 Volatile Blastmotes      Fire/Tloc      10%        2d10      16%         3
 Gell's Gravitas          Tloc           2%         N/A       26%         3
 Teleport Other           Tloc           2%         N/A       26%         3
 Flame Wave               Conj/Fire      8%         2d5       32%         4
 Olgreb's Toxic Radiance  Alch           5%         N/A       45%         4


Dungeon Overview and Level Annotations

Branches:
Dungeon (4/15)
 Temple: D:4-7

Altars:

Shops:
D:2 !

Annotations:
D:3 2 transporters, anarkitty's ghost, amateur SpCj


Innate Abilities, Weirdness & Mutations

You are immune to poison.
You have sharp fingernails.
Your flesh is cold resistant. (rC+)
You are immune to negative energy. (rN+++)
You do not regenerate when monsters are visible.
You are immune to unholy pain and torment.
You thrive by killing the living.


Message History

You bump into the rock wall.
The orc wizard barely misses you.
You bump into the rock wall.
Something hits you but does no damage.
The orc wizard hits you but does no damage.
You bump into the rock wall.
Something hits you.
The orc wizard hits you with a +0 dagger.
You feel less confused. Something hits you but does no damage.
You miss something.
You hear some strange, mumbled words.
You are confused.
You're too confused to attack without stumbling around!
You're too confused to attack without stumbling around!
You're too confused to attack without stumbling around!
Okay, then.
You bump into the rock wall.
Something hits you but does no damage.
The orc wizard casts a spell.
The orc wizard flickers and vanishes!
You bump into the rock wall.
Something hits you but does no damage.
You hit something but do no damage. Something hits you but does no damage.
You barely miss something.
You hear some strange, mumbled words.
A puff of flame appears from out of thin air!
The puff of flame misses you.
You bump into the rock wall.
You bump into the rock wall.
Something hits you but does no damage.
You feel less confused.
You hear some strange, mumbled words.
Something tries to affect you, but you resist.
Something hits you. Something hits you but does no damage.
You miss something. Something hits you but does no damage.
You hit something. Something hits you.
You closely miss something. Something hits you.
Casting: Foxfire (safe; 3% risk of failure)
Confirm with . or Enter, or press ? or * to list all spells.
You conjure some foxfire!
The foxfire hits something.
Casting: Foxfire (safe; 3% risk of failure)
Confirm with . or Enter, or press ? or * to list all spells.
You conjure some foxfire!
The foxfire hits something but does no damage.
You hear some strange, mumbled words.
You are confused.
You're too confused to cast spells.
Unknown command.
Unknown command.
You feel better.
The foxfire hits something. x2; Something hits you. x2
Casting: Foxfire (safe; 3% risk of failure)
Confirm with . or Enter, or press ? or * to list all spells.
You conjure some foxfire!
You hear some strange, mumbled words.
A puff of flame appears from out of thin air!
The puff of flame hits you. Something hits you but does no damage.
You closely miss something.
The foxfire hits something. x2
Reactivating autopickup.
You feel a bit more experienced. Something hits you.
Deactivating autopickup; reactivate with Ctrl-A.
Your Unarmed Combat skill increases to level 3!
Your Alchemy skill increases to level 1!
Casting: Foxfire (safe; 3% risk of failure)
Confirm with . or Enter, or press ? or * to list all spells.
You don't have enough magic to cast this spell.
Unknown command.
You hit something. Something hits you but does no damage.
You miss something. Something hits you.
You closely miss something. Something hits you but does no damage.
You miss something.
You hear some strange, mumbled words.
Something tries to affect you, but you resist.
You barely miss something. Something hits you but does no damage.
You barely miss something.
You hear some strange, mumbled words.
A magic dart appears from out of thin air!
The magic dart hits you!
* * * LOW HITPOINT WARNING * * *
Okay, then.
Okay, then.
Okay, then.
Okay, then.
Casting: Foxfire (safe; 3% risk of failure)
Confirm with . or Enter, or press ? or * to list all spells.
You conjure some foxfire!
You hear some strange, mumbled words.
A magic dart appears from out of thin air!
The magic dart hits you.
* * * LOW HITPOINT WARNING * * *
It was a potion of might.
You feel very mighty all of a sudden.
The foxfire hits something but does no damage. x2
Something hits you.
* * * LOW HITPOINT WARNING * * *
You miss something.
You hear some strange, mumbled words.
You are confused.
It was a potion of enlightenment.
You feel very buoyant.
You fly up into the air.
You hear some strange, mumbled words.
A magic dart appears from out of thin air!
The magic dart hits you.
You die...

...#..........############.#.#
#####.#.####....................#
........# ##################.#.#
#####>### ##### #.#.#
#####.#########...## #.# #
............##.....#### #.#
#####.#####.##........ ..#
#.#####.##..§§.# ###
#.##..<....)@.# #....##.##.#{##
####.##.##.#.# #.........#
#.##.##.### ######.##.##.#
..............# ###############


There were no monsters in sight!

Vanquished Creatures
  An orc wizard (D:4)
  4 adders
  3 gnolls (D:3)
  2 dart slugs
  4 ribbon worms (D:2)
  5 ball pythons
  5 endoplasms
  6 giant cockroaches
  7 goblins
  4 hobgoblins
  4 kobolds
  A quokka (D:1)
  5 bats
  4 frilled lizards
  4 rats
59 creatures vanquished.

Vanquished Creatures (others)
  202 foxfires
202 creatures vanquished.

Grand Total: 261 creatures vanquished

Notes
Turn   | Place    | Note
-------+----------+-------------------------------------------
     0 | D:1      | edsrzf the Ghoul Fire Elementalist began the quest for the
                  | Orb.
     0 | D:1      | Reached XP level 1. HP: 14/14 MP: 3/3
    29 | D:1      | Reached skill level 1 in Conjurations
   134 | D:1      | Reached skill level 2 in Spellcasting
   134 | D:1      | Reached XP level 2. HP: 4/20 MP: 3/5
   623 | D:1      | Learned a level 2 spell: Scorch
   845 | D:1      | Reached XP level 3. HP: 26/26 MP: 3/6
   847 | D:1      | Reached skill level 2 in Conjurations
  1376 | D:2      | Reached skill level 1 in Unarmed Combat
  1417 | D:2      | Found Vedemp's Distillery.
  1430 | D:2      | Bought a potion of degeneration for 10 gold pieces
  1441 | D:2      | Bought a potion of curing for 30 gold pieces
  1533 | D:2      | Reached XP level 4. HP: 33/33 MP: 3/7
  1580 | D:2      | Learned a level 1 spell: Sting
  1951 | D:2      | Identified the +5 mace "Beupauf" {flame, rC+ Will- Dex+2
                  | Stlth+}
  2007 | D:2      | Identified 6 scrolls of identify
  2007 | D:2      | Identified 2 potions of resistance
  2008 | D:2      | Identified 2 potions of attraction
  2232 | D:3      | Reached skill level 2 in Unarmed Combat
  2376 | D:3      | Reached skill level 3 in Spellcasting
  2473 | D:3      | Reached XP level 5. HP: 38/38 MP: 3/9
  2521 | D:3      | Found a transporter.
  2756 | D:3      | Found a transporter.
  2756 | D:3      | Noticed anarkitty's ghost (amateur SpCj)
  3369 | D:4      | Identified 2 scrolls of blinking
  3447 | D:4      | Reached skill level 3 in Unarmed Combat
  3447 | D:4      | Reached skill level 1 in Alchemy
  3454 | D:4      | Identified 2 potions of might
  3456 | D:4      | Identified a potion of enlightenment
  3456 | D:4      | Killed from afar by an orc wizard

Illustrated notes

Levels and vault maps discovered:
D:1:      minmay_arrival_stone_box, layout_basic
D:2:      layout_basic, serial_shops, nicolae_shop_industrial_runoff,
          minmay_tiny_reverse_x
D:3:      layout_loops_corners, gammafunk_ghost_gnarly_gnolls
D:4:      layout_loops_ring, grunt_temple_overflow_holy_war,
          mainiacjoe_overflow_surrounded_room

Skill      XL: |  1  2  3  4  5 |
---------------+----------------+-----
Conjurations   | 1 2 |  2.0
Spellcasting   | 2 3 |  3.0
Unarmed Combat | 1 2 3 |  3.0
Alchemy        | 1 |  1.2
Dodging        | |  1.7
Stealth        | |  2.1
Fire Magic     | |  2.4

Action                     |  1- 3 |  4- 6 || total
---------------------------+-------+-------++-------
  Melee: Unarmed           |    61 |    64 ||   125
         Punch             |       |     1 ||     1
   Cast: Foxfire           |    55 |    65 ||   120
    Use: Scroll            |       |     3 ||     3
         Potion            |       |     3 ||     3
   Stab: Sleeping          |       |     1 ||     1
 Armour: Robe              |    32 |    59 ||    91
  Dodge: Dodged            |    30 |    30 ||    60
